 Dungeon Crawl Stone Soup version 0.30.0-3-ga4e48a9924 (webtiles) character file.

Game seed: 11715930929405001021

4116 Zdeegee the Destroyer (level 10, -6/63 HPs)
             Began as an Octopode Conjurer on May 7, 2023.
             Was a Believer of Vehumet.
             Killed from afar by an orc wizard (11 damage)
             ... with a puff of flame
             ... on level 8 of the Dungeon.
             The game lasted 00:32:38 (11979 turns).

Zdeegee the Destroyer (Octopode Conjurer)          Turns: 11979, Time: 00:32:39

Health: -6/63      AC:  1    Str:  7    XL:     10   Next: 26%
Magic:  19/21      EV: 19    Int: 25    God:    Vehumet [**....]
Gold:   277        SH:  0    Dex: 10    Spells: 12/23 levels left

rFire   . . .        y - +2 whip (flame)
rCold   . . .        (no shield)
rNeg    . . .        (helmet restricted)
rPois   .            g - amulet of reflection
rElec   .            z - +5 ring of evasion
rCorr   .            (no ring)
SInv    .            (no ring)
Will    .....        (no ring)
Stlth   ++           (no ring)
HPRegen 0.30/turn    (no ring)
MPRegen 0.17/turn    (no ring)
                     (no ring)

%: reflection
@: confused
A: almost no armour, amphibious, 8 rings, camouflage 1, gelatinous body 1,
(nimble swimmer 1), tentacles
a: Renounce Religion


You were on level 8 of the Dungeon.
You worshipped Vehumet.
Vehumet was pleased with you.
You visited 2 branches of the dungeon, and saw 9 of its levels.
You also visited: Ossuary.

You collected 583 gold pieces.
You spent 306 gold pieces at shops.

Inventory:

Hand Weapons
 b - a +0 short sword
 r - a +3 dagger
 x - a +2 dagger of draining
 y - a +2 whip of flaming (weapon)
Missiles
 d - 6 curare-tipped darts
 k - 2 throwing nets
Armour
 G - an orb of light
Magical Staves
 u - a staff of fire
Jewellery
 g - an amulet of reflection (around mantle)
 z - a +5 ring of evasion (left tentacle)
 D - an amulet of the acrobat
Wands
 C - a wand of flame (21)
 H - a wand of paralysis (6)
Scrolls
 f - 2 scrolls of brand weapon {unknown}
 h - 5 scrolls of immolation
 l - a scroll of summoning {unknown}
 n - 4 scrolls of poison {unknown}
 o - 3 scrolls of fog {unknown}
 p - a scroll of fear {unknown}
 t - 2 scrolls of teleportation
 v - 2 scrolls of blinking
 B - 2 scrolls of magic mapping {unknown}
 E - 2 scrolls of enchant weapon {unknown}
Potions
 a - a potion of magic
 c - 3 potions of mutation
 e - a potion of lignification {unknown}
 i - a potion of might
 j - a potion of heal wounds
 m - 6 potions of curing
 q - 3 potions of brilliance
 s - a potion of flight
 w - a potion of haste
 A - a potion of resistance {unknown}
 F - 3 potions of ambrosia


   Skills:
 * Level 3.8 Fighting
 + Level 1.6 Short Blades
 + Level 0.3 Maces & Flails
 * Level 4.4 Dodging
 + Level 4.6 Stealth
 + Level 0.8 Shields
 * Level 7.3 Spellcasting
 * Level 8.1 Conjurations
 + Level 1.1 Fire Magic
 * Level 4.0 Ice Magic
 * Level 3.6 Air Magic
 * Level 4.9 Evocations


You had 12 spell levels left.
You knew the following spells:

 Your Spells              Type           Power      Damage    Failure   Level
a - Magic Dart            Conj           100%       1d8       1%          1
b - Searing Ray           Conj           100%       2d8       1%          2
c - Dazzling Flash        Conj/Hex       58%        N/A       3%          3
d - Hailstorm             Conj/Ice       39%        3d9       1%          3
e - Scorch                Fire           28%        2d6       6%          2

Your spell library contained the following spells:

 Spells                   Type           Power      Damage    Failure   Level
 Beastly Appendage        Tmut           18%        N/A       6%          1
 Necrotise                Necr           36%        1d5       6%          1
 Summon Small Mammal      Summ           36%        N/A       6%          1
 Wereblood                Tmut           9%         N/A       10%         2
 Fulminant Prism          Conj/Hex       14%        3d9       12%         4
 Iskenderun's Mystic Bla  Conj/Tloc      29%        2d7       12%         4
 Call Canine Familiar     Summ           9%         N/A       19%         3
 Spider Form              Tmut/Pois      9%         N/A       19%         3
 Summon Guardian Golem    Hex/Summ       9%         N/A       19%         3
 Vampiric Draining        Necr           9%         2d6       19%         3
 Ice Form                 Ice/Tmut       19%        N/A       28%         4
 Agony                    Necr           9%         N/A       87%         5
 Simulacrum               Ice/Necr       9%         N/A       99%         6


Dungeon Overview and Level Annotations

Branches:
Dungeon (8/15)             Temple (1/1) D:4            Lair (0/5) D:8
Ossuary (visited)

Altars:
Ashenzari
Cheibriados
Dithmenos
Fedhas
Hepliaklqana
Makhleb
Sif Muna
Trog
Uskayaw
Vehumet
Wu Jian
Zin

Shops:
D:3 ([!?[


Innate Abilities, Weirdness & Mutations

You cannot wear most types of armour.
You are amphibious.
You can wear up to eight rings at the same time.
Your skin changes colour to match your surroundings (Stealth+).
Your rubbery body absorbs attacks. (AC +1, EV +1)
((You are camouflaged when in or above water. (Stealth+)))
You have tentacles for arms and can constrict up to eight enemies at once.


Message History

You hear some strange, mumbled words.
You are confused.
You hear some strange, mumbled words.
A puff of flame appears from out of thin air!
The puff of flame hits you!
* * * LOW HITPOINT WARNING * * *
You feel much better.
You hear some strange, mumbled words.
A puff of flame appears from out of thin air!
The puff of flame hits you! Something hits you. Something closely misses you.
Something barely misses you.
An orc wizard appears from thin air!
Reactivating autopickup.
Something closely misses you. The orc wizard casts a spell at you.
You easily resist.
Something hits you.
Deactivating autopickup; reactivate with Ctrl-A.
The orc wizard gestures at you while chanting.
The puff of flame hits you!
* * * LOW HITPOINT WARNING * * *
You bump into the rock wall.
Something hits you but does no damage.
The orc wizard mumbles some strange words.
The orc wizard flickers and vanishes!
You're too confused to move!
You feel less confused. Something hits you.
* * * LOW HITPOINT WARNING * * *
You hear some strange, mumbled words.
Something tries to affect you, but you resist.
You closely miss something. Something hits you.
* * * LOW HITPOINT WARNING * * *
You hear some strange, mumbled words.
You are confused.
You completely miss something.
Your tentacle-slap misses something.
Your squeeze misses something. Something closely misses you.
You hear some strange, mumbled words.
A puff of flame appears from out of thin air!
The puff of flame hits you!
You die...

######.#.)........##.......###
######.#.#.....##.##.#####.######
##.....#.#.....##.##..# #......#
##.....#.#.....##.###.# #......#
##.....#.'.....'..# #.####.......
##.....###.....#### #.##.........
.......# #[.)..# #.##.........
.......###.....######[##.........
#.#'##..........@......'.........
#'#'###########{....#.##....."...
..).....# #....[#.##.........
.....#..# #.....#.##.........
.....#..# #)....#.....#######
.....#..# #.....####.)##
.....#..# #.....# #...# .....#..#
#.....####.#.## #'####..#
##...###....#..####


There were no monsters in sight!

Vanquished Creatures
  Sigmund (D:5)
  A wyvern (D:7)
  A steam dragon (D:8)
  Menkaure (D:5)
  Edmund (D:6)
  3 wargs (D:8)
  A water moccasin (D:6)
  A black bear (D:6)
  An orc warrior (D:4)
  2 sky beasts (D:8)
  3 ice beasts (D:6)
  4 ogres
  A centaur (D:5)
  2 phantoms
  A kobold brigand (D:6)
  Blork the orc (D:6)
  3 bullfrogs
  An elf zombie (Ossuary)
  3 scorpions
  7 howler monkeys
  A centaur zombie (Ossuary)
  2 jellies (D:4)
  4 hounds
  4 orc priests (D:8)
  A gnoll bouda (D:6)
  4 iguanas
  Terence (D:2)
  A human zombie (Ossuary)
  A sleepcap (D:6)
  2 orc wizards (D:8)
  2 mummies (Ossuary)
  11 gnolls
  11 adders
  A white imp (D:7)
  A worm (D:2)
  5 dart slugs
  27 orcs
  6 bats
  10 endoplasms
  3 giant cockroaches
  3 gnoll zombies (Ossuary)
  6 goblins
  4 hobgoblins
  6 jackals
  12 kobolds
  5 quokkas
  5 ball pythons
  A frilled lizard (D:1)
  4 goblin zombies (Ossuary)
  2 hobgoblin zombies (Ossuary)
  2 orc zombies (Ossuary)
  7 rats
194 creatures vanquished.

Vanquished Creatures (others)
  3 fungi (D:6)
  5 plants
8 creatures vanquished.

Grand Total: 202 creatures vanquished

Notes
Turn   | Place    | Note
-------+----------+-------------------------------------------
     0 | D:1      | Zdeegee the Octopode Conjurer began the quest for the Orb.
     0 | D:1      | Reached XP level 1. HP: 11/11 MP: 3/3
   268 | D:1      | Reached XP level 2. HP: 17/17 MP: 3/5
  1047 | D:2      | Learned a level 2 spell: Searing Ray
  1088 | D:2      | Reached XP level 3. HP: 20/21 MP: 1/6
  1092 | D:2      | Learned a level 3 spell: Dazzling Flash
  1375 | D:2      | Found a faded altar of an unknown god.
  1438 | D:2      | Noticed Terence
  1455 | D:2      | Killed Terence
  1456 | D:2      | Reached skill level 1 in Evocations
  1456 | D:2      | Reached XP level 4. HP: 15/27 MP: 1/7
  1747 | D:2      | Reached skill level 5 in Conjurations
  1863 | D:2      | Reached skill level 1 in Fighting
  1915 | D:2      | Reached XP level 5. HP: 33/33 MP: 6/9
  2486 | D:3      | Found Xeowkir's Antique Weapon Emporium.
  2915 | D:3      | Found Hifiet's Magic Scroll Shop.
  3322 | D:3      | Learned a level 3 spell: Hailstorm
  3370 | D:3      | Found Jacle's Armour Shop.
  3371 | D:3      | Found Emuda Wumu's Armour Shoppe.
  3431 | D:3      | Found Banuceamp's Distillery.
  3556 | D:4      | Found a sand-covered staircase.
  3589 | Ossuary  | Entered an ossuary
  3677 | Ossuary  | Reached XP level 6. HP: 32/38 MP: 4/10
  3741 | Ossuary  | Reached skill level 1 in Air Magic
  4561 | D:3      | Bought a scroll of teleportation for 33 gold pieces
  4561 | D:3      | Bought a scroll of identify for 22 gold pieces
  4561 | D:3      | Bought a scroll of blinking for 82 gold pieces
  4605 | D:3      | Bought a potion of curing for 39 gold pieces
  4605 | D:3      | Bought a potion of haste for 130 gold pieces
  4764 | D:4      | Reached skill level 1 in Ice Magic
  4764 | D:4      | Reached XP level 7. HP: 44/44 MP: 5/12
  4827 | D:4      | Found a staircase to the Ecumenical Temple.
  4858 | Temple   | Entered the Ecumenical Temple
  4900 | Temple   | Became a worshipper of Vehumet
  5083 | D:4      | Reached skill level 1 in Short Blades
  5598 | D:5      | Entered Level 5 of the Dungeon
  5738 | D:5      | Reached skill level 6 in Conjurations
  5869 | D:5      | Reached * piety under Vehumet
  5869 | D:5      | Offered knowledge of Freeze by Vehumet.
  5870 | D:5      | Reached XP level 8. HP: 46/50 MP: 6/14
  6089 | D:5      | Noticed Sigmund
  6101 | D:5      | Killed Sigmund
  6238 | D:5      | Found a snail-covered altar of Cheibriados.
  6241 | D:5      | Found a bloodstained altar of Trog.
  7071 | D:5      | Reached skill level 5 in Spellcasting
  7781 | D:6      | Reached skill level 7 in Conjurations
  7781 | D:6      | Reached XP level 9. HP: 35/55 MP: 4/17
  7906 | D:6      | Noticed Edmund
  7923 | D:6      | Killed Edmund
  7995 | D:6      | Found a hide-covered altar of Uskayaw.
  8017 | D:6      | Noticed Blork the orc
  8019 | D:6      | Noticed Menkaure
  8041 | D:5      | Killed Menkaure
  8049 | D:6      | Killed Blork the orc
  8348 | D:6      | Offered knowledge of Scorch by Vehumet.
  8352 | D:6      | Learned a level 2 spell: Scorch
  8595 | D:6      | Reached ** piety under Vehumet
  9607 | D:7      | Found a shimmering blue altar of Sif Muna.
  9688 | D:7      | Reached skill level 1 in Fire Magic
 10264 | D:7      | Found a broken altar of Ashenzari.
 10495 | D:8      | Reached XP level 10. HP: 63/63 MP: 13/20
 11223 | D:8      | Found a glowing silver altar of Zin.
 11232 | D:8      | Reached skill level 8 in Conjurations
 11284 | D:8      | Found a staircase to the Lair.
 11968 | D:8      | HP: 3/63 [something (4)]
 11979 | D:8      | Killed from afar by an orc wizard

Illustrated notes

Levels and vault maps discovered:
D:1:      matt_arrival_grand_opening, layout_basic, serial_corexii_hall,
          chequers_hall_statues_corner_a, chequers_hall_statues_wall_a,
          corexii_hall_statues_s, corexii_hall_statues_t, serial_bayou_pond_c
D:2:      layout_basic, dreamdust_ecumenical_altar_angels_and_demons,
          minmay_pentomino_o2, uniq_terence
D:3:      layout_basic, serial_shops, nicolae_shop_trees,
          nicolae_shop_just_a_little_nook, nicolae_shop_stone,
          nicolae_shop_tiny_statue_garden, nicolae_shop_tiny_real_fake_doors,
          grunt_ministairs_8, nicolae_figureground_pulse
D:4:      layout_loops_cross, minmay_temple_entry_overgrown,
          chequers_ossuary_entry_cave
D:5:      layout_basic, grunt_temple_overflow_open, patterned_corridor,
          uniq_sigmund
D:6:      layout_basic, mainiacjoe_overflow_boulevard, uniq_menkaure,
          uniq_edmund, uniq_blork_the_orc
D:7:      layout_loops_ring, ashenzari_conservatory_becter,
          nicolae_sif_muna_little_library
D:8:      layout_basic, overflow_temple_1_default, erik_lair_orcish_takeover
Temple:   kb_temple_of_zot

Skill      XL: |  1  2  3  4  5  6  7  8  9 10 |
---------------+-------------------------------+-----
Evocations     | 1 2 3 4 |  4.9
Conjurations   | 5 6 7 8 |  8.1
Fighting       | 1 2 3 |  3.8
Stealth        | 3 4 |  4.6
Spellcasting   | 3 4 5 7 |  7.3
Air Magic      | 1 2 3 |  3.6
Ice Magic      | 1 2 3 4 |  4.0
Short Blades   | 1 |  1.6
Dodging        | 3 4 |  4.4
Fire Magic     | 1 |  1.1
Maces & Flails | |  0.3
Shields        | |  0.8

Action                     |  1- 3 |  4- 6 |  7- 9 | 10-12 || total
---------------------------+-------+-------+-------+-------++-------
  Melee: Short sword       |    14 |    21 |       |       ||    35
         Tentacles         |     4 |     8 |     7 |     2 ||    21
         Constrict         |     2 |     9 |     7 |     1 ||    19
         Dagger            |       |    18 |       |       ||    18
         Whip              |       |       |    22 |    35 ||    57
   Cast: Magic Dart        |    59 |   111 |   186 |    40 ||   396
         Searing Ray       |     1 |     7 |    38 |    15 ||    61
         Hailstorm         |       |     1 |     2 |     2 ||     5
         Scorch            |       |       |    10 |     1 ||    11
    Use: Scroll            |       |     6 |     3 |     1 ||    10
         Potion            |       |       |     1 |     4 ||     5
   Stab: Sleeping          |       |     2 |       |       ||     2
 Armour: Skin              |       |     1 |     1 |     9 ||    11
  Dodge: Dodged            |    11 |    36 |    76 |    37 ||   160
  Block: Other             |       |       |    19 |     6 ||    25
         Reflection        |       |       |     2 |     1 ||     3
